 Dungeon Crawl Stone Soup version 0.27-a0-1273-gec92ba881d (webtiles) character file.

Game seed: 8653009990407934659

86 night the Chiller (level 4, -6/33 HPs)
             Began as a Ghoul Ice Elementalist on June 11, 2021.
             Splashed by Ijyb's acid (18 damage)
             ... on level 3 of the Dungeon.
             The game lasted 00:04:15 (2682 turns).

night the Chiller (Ghoul Ice Elementalist)          Turns: 2682, Time: 00:04:15

Health: -6/33      AC:  8    Str: 11    XL:     4   Next: 49%
Magic:  1/7        EV: 12    Int: 11    God:
Gold:   111        SH:  0    Dex:  9    Spells: 2/9 levels left

rFire    . . .     SeeInvis .   b - +1 dagger (drain)
rCold    + . .     Faith    +   (no shield)
rNeg     + + +     Spirit   .   a - +0 robe
rPois    ∞         Reflect  .   (no helmet)
rElec    .         Harm     .   (no cloak)
rCorr    .         Rampage  .   (no gloves)
Will     .....                  (no boots)
Stlth    ++........             c - amulet of faith
HPRegen  0.00/turn              (no ring)
MPRegen  0.10/turn              (no ring)

@: ice-armoured, freezing walls
A: claws 1, cold resistance 1, negative energy resistance 3, inhibited
regeneration, torment resistance 2
a: no special abilities


You were on level 3 of the Dungeon.
You visited 1 branch of the dungeon, and saw 3 of its levels.

You collected 111 gold pieces.

Inventory:

Hand Weapons
 b - a +1 dagger of draining (weapon)
Armour
 a - a +0 robe (worn)
Jewellery
 c - an amulet of faith (around neck)
 h - a ring of ice
Scrolls
 g - a scroll of identify
Potions
 d - a potion of invisibility
 e - a potion of attraction
 f - a potion of heal wounds
 i - a potion of degeneration {unknown}


   Skills:
 - Level 1.7 Dodging
 - Level 2.1 Stealth
 + Level 3.0 Spellcasting
 + Level 5.4 Ice Magic


You had 2 spell levels left.
You knew the following spells:

 Your Spells              Type           Power      Damage    Failure   Level
a - Freeze                Ice            52%        1d7       2%          1
b - Frozen Ramparts       Ice            26%        1d4       9%          3
c - Ozocubu's Armour      Ice            13%        N/A       9%          3

Your spell library contained the following spells:

 Spells                   Type           Power      Damage    Failure   Level
 Confusing Touch          Hex            1%         N/A       61%         3
 Gell's Gravitas          Tloc           0%         N/A       61%         3
 Hailstorm                Conj/Ice       7%         3d4       65%         4
 Metabolic Englaciation   Hex/Ice        3%         N/A       94%         5
 Petrify                  Tmut/Erth      1%         N/A       95%         4
 Yara's Violent Unravell  Hex/Tmut       0%         3d3       100%        5


Dungeon Overview and Level Annotations

Branches:
Dungeon (3/15)

Altars:

Annotations:
D:3 Ijyb


Innate Abilities, Weirdness & Mutations

You thrive by killing the living.
You are immune to poison.
You have sharp fingernails.
Your flesh is cold resistant. (rC+)
You are immune to negative energy. (rN+++)
You do not regenerate when monsters are visible.
You are immune to unholy pain and torment.


Message History

Aiming: Freeze (safe; 2% risk of failure)
Press: ? - help, Shift-Dir - straight line, f - goblin
Aim: a goblin, wielding a +0 club You freeze the goblin.
The goblin is moderately wounded.
The goblin hits you with a +0 club.
Casting: Freeze (safe; 2% risk of failure)
Confirm with . or Enter, or press ? or * to list all spells.
Aiming: Freeze (safe; 2% risk of failure)
Press: ? - help, Shift-Dir - straight line, f/p - goblin
Aim: a goblin, wielding a +0 club (moderately wounded)
You freeze the goblin.
You kill the goblin!
Magic restored.
i - a ruby potion You now have 111 gold pieces (gained 14).
Ijyb the Twisted Goblin comes into view.
She is wielding a +1 spectral club, wearing a +3 leather armour of cold resistance and carrying a wand of acid (7).
Found a coral ring.
Ijyb shouts!
Casting: Freeze (safe; 2% risk of failure)
Confirm with . or Enter, or press ? or * to list all spells.
The spell is quite dangerous to cast (9% risk of failure)!
Continue anyway?
Casting: Frozen Ramparts (quite dangerous; 9% risk of failure)
Press: ? - help, Dir - look around, f - activate The walls around you are covered in ice.
Casting: Frozen Ramparts (quite dangerous; 9% risk of failure)
Confirm with . or Enter, or press ? or * to list all spells.
The spell is quite dangerous to cast (9% risk of failure)!
Continue anyway?
A film of ice covers your body!
Ijyb completely resists.
The wall freezes Ijyb but does no damage.
You hit Ijyb but do no damage.
Ijyb resists.
The wall freezes Ijyb.
Ijyb hits you with a +1 spectral club.
You closely miss Ijyb.
Ijyb is lightly wounded.
Ijyb resists.
The wall freezes Ijyb.
Ijyb zaps a wand.
The bolt of acid hits you!!
Ouch! That really hurt!
You are splashed with acid!!
Ouch! That really hurt!
You die...

####.#.##... #.#.#
.... #.#.# ...# #.#.#
...# #.#.# #.=# #
#.#.# #..
+...####.#.# #.#
#.........###.##.##.#
#............@g......
#....................
#..####.########.##.#
## #.# # #.# #.# #.#


You could see Ijyb.

Vanquished Creatures
  2 adders (D:2)
  A worm (D:2)
  2 dart slugs (D:1)
  3 ball pythons
  9 endoplasms
  6 giant cockroaches
  4 goblins
  2 hobgoblins
  5 jackals
  4 kobolds (D:1)
  2 quokkas (D:1)
  7 bats
  4 rats
51 creatures vanquished.

Notes
Turn   | Place    | Note
-------+----------+-------------------------------------------
     0 | D:1      | night the Ghoul Ice Elementalist began the quest for the
                  | Orb.
     0 | D:1      | Reached XP level 1. HP: 14/14 MP: 2/2
   287 | D:1      | Reached skill level 2 in Spellcasting
   383 | D:1      | Reached XP level 2. HP: 20/20 MP: 2/4
   783 | D:1      | Reached XP level 3. HP: 26/26 MP: 0/5
   787 | D:1      | Learned a level 3 spell: Frozen Ramparts
   942 | D:1      | Reached skill level 5 in Ice Magic
   964 | D:1      | Found a faded altar of an unknown god.
  1753 | D:2      | Reached XP level 4. HP: 33/33 MP: 3/7
  1757 | D:2      | Learned a level 3 spell: Ozocubu's Armour
  2674 | D:3      | Noticed Ijyb
  2682 | D:3      | Splashed by Ijyb's acid

Illustrated notes

Levels and vault maps discovered:
D:1:      dpeg_arrival_water_fire, layout_loops_ring,
          ebering_ecumenical_altar_sacrificial, hangedman_decor_clover_reticule
D:2:      layout_loops_ring, kennysheep_cross_bottleneck, minmay_pentomino_r4
D:3:      layout_basic, nicolae_hepliaklqana_hazy_memory, dk_noncrumbling_3,
          uniq_ijyb, uniq_jessica

Skill      XL: |  1  2  3  4 |
---------------+-------------+-----
Spellcasting   | 2 3 |  3.0
Ice Magic      | 5 |  5.4
Dodging        | |  1.7
Stealth        | |  2.1

Action                   |  1- 3 |  4- 6 || total
-------------------------+-------+-------++-------
Melee: Unarmed           |    39 |    19 ||    58
       Dagger            |       |    26 ||    26
 Cast: Freeze            |    49 |     4 ||    53
       Frozen Ramparts   |       |     3 ||     3
       Ozocubu's Armour  |       |     1 ||     1
  Use: Scroll            |     1 |     4 ||     5
 Stab: Sleeping          |       |     3 ||     3
Armor: Robe              |    11 |     4 ||    15
Dodge: Dodged            |    42 |    31 ||    73

Table legend: (Time is in decaauts)
 A = Elapsed time spent in this place.
 B = Non-inter-level travel time spent in this place.
 C = Inter-level travel time spent in this place.
 D = Time resting spent in this place.
 E = Time spent auto-exploring this place.
 F = Levels seen in this place.
 G = Mean time per level.
                   A        B        C        D        E       F      G
               +--------+--------+--------+--------+--------+-----+--------+
         Total |   2684 |   2618 |     66 |    396 |   1889 |   3 |  894.7 |
       Dungeon |   2684 |   2618 |     66 |    396 |   1889 |   3 |  894.7 |
               +--------+--------+--------+--------+--------+-----+--------+

Top non-repeatable levels by time:
     D:1: 1638 daAuts
     D:2: 943 daAuts
     D:3: 101 daAuts
